 Dungeon Sprint DCSS version 0.14-a0-770-g009d3a2 (webtiles) character file.

10201 Bloax the Spry (level 11, -6/56 (57) HPs)
             Began as a Spriggan Monk on Nov 9, 2013.
             Was the Champion of Cheibriados.
             Shot with an arrow by a deep elf master archer (30 damage)
             ... in the Dungeon (Sprint V: "Ziggurat Sprint").
             The game lasted 00:09:22 (386 turns).

Bloax the Spry (Spriggan Monk)                       Turns: 386, Time: 00:09:22

HP  -6/56 (57)   AC 21     Str 42      XL: 11   Next: 33%
MP   8/26        EV 43     Int 30      God: Cheibriados [******]
Gold 0           SH  0     Dex 39      Spells:  2 memorised,  5 levels left

Res.Fire  : . . .   See Invis. : +   y - +5 lajatang
Res.Cold  : . . .   Warding    : .   x - +5 storm dragon armour
Life Prot.: . . .   Conserve   : .   (shield restricted)
Res.Poison: .       Res.Corr.  : .   (helmet restricted)
Res.Elec. : +       Clarity    : +   l - +1 cloak "Tohemy" {Str+5 Int+3}
Sust.Abil.: . .     Spirit.Shd : .   (gloves unavailable)
Res.Mut.  : .       Prev.Telep.: +   (boots unavailable)
Res.Rott. : .       Flight     : .   F - amulet of clarity
Saprovore : . . .                    n - +6 ring of strength
                                     m - +6 ring of strength

@: invisible, agile, very slightly contaminated, very slow, quite resistant to
hostile enchantments, stealthy
A: unfitting armour, see invisible, herbivore 3, speed 3, slow metabolism 2
a: Bend Time, Temporal Distortion, Slouch, Step From Time, Renounce Religion


You were in the Dungeon.
You worshipped Cheibriados.
Cheibriados was exalted by your worship.
You were not hungry.

You visited 1 branch


Innate Abilities, Weirdness & Mutations

You are tiny and cannot use many weapons and most armour.
You have supernaturally acute eyesight.
You are a herbivore.
You cover ground extremely quickly.
You need consume almost no food.


   Skills:
 - Level 8.3 Fighting
 * Level 12.6 Staves
 + Level 9.2 Armour
 + Level 17.1 Dodging
 - Level 7.8 Stealth
 - Level 5.0 Unarmed Combat
 - Level 7.4 Charms
 - Level 8.0 Invocations
 - Level 8.0 Evocations


You had 5 spell levels left.
You knew the following spells:

 Your Spells              Type           Power        Failure   Level  Hunger
a - Lethal Infusion       Chrm/Necr      ###.......   12%         2    ###....
b - Regeneration          Chrm/Necr      ###.......   21%         3    ####...


Dungeon Overview and Level Annotations

Branches:
Dungeon (1/1)

Altars:
Ashenzari
Cheibriados
Elyvilon
Fedhas
Kikubaaqudgha
Makhleb
Nemelex Xobeh
Okawaru
Sif Muna
Trog
Vehumet
Xom
Yredelemnul
Zin
the Shining One
Beogh
Jiyva
Lugonu

Inventory:

Hand weapons
 y - a +5,+5 lajatang (weapon)
   (You found it in the Dungeon)
Armour
 l - the cursed +1 cloak "Tohemy" (worn) {Str+5 Int+3}
   (You found it in the Dungeon)

   It affects your strength (+5).
   It affects your intelligence (+3).
   It has a curse placed upon it.
 x - a +5 storm dragon armour (worn)
   (You found it in the Dungeon)
Magical devices
 i - a wand of disintegration (7)
   (You found it in the Dungeon)
 k - a wand of cold (4)
   (You found it in the Dungeon)
Comestibles
 a - 42 strawberries
 g - 4 bread rations
Scrolls
 e - 4 scrolls of amnesia
 h - 3 scrolls of blinking
 j - a scroll of brand weapon
 o - 2 scrolls of recharging
 p - 6 scrolls of fog
 q - 5 scrolls of identify
 r - 4 scrolls of remove curse
 s - 2 scrolls of fear
 t - a scroll of holy word
Jewellery
 m - a +6 ring of strength (left hand)
   (You found it in the Dungeon)
 n - a +6 ring of strength (right hand)
   (You found it in the Dungeon)
 A - an uncursed ring of protection from fire
   (You found it in the Dungeon)
 F - an amulet of clarity (around neck)
   (You found it in the Dungeon)
 H - the amulet "Trimie" {Stasis Str+1 Int+4}
   (You found it in the Dungeon)

   [amulet of stasis]

   It affects your strength (+1).
   It affects your intelligence (+4).
Potions
 b - a potion of porridge
 c - 10 potions of curing
 d - 5 potions of heal wounds
 f - 7 potions of magic
 u - a potion of brilliance
 v - a potion of invisibility
 w - 2 potions of restore abilities
 z - 4 potions of resistance
 B - 4 potions of agility
 C - 5 potions of might
Books
 D - a tome of Destruction {!d}
   (You found it in the Dungeon)
Miscellaneous
 G - a fan of gales (inert)
   (You took it off a deep elf fighter in the Dungeon)

#.........#.)..)..#
#.........#.......#
#.#.....#.#..(.().#
#.........#..((...#
###################
...8^8.c.#...8^8...#
..)...:..#%.):}=)..#
...:.:c(.#...=[[=..#
#......c(@#....:....#
#.....(((.#.........#
#.....)(((#.........#
#.....e..(#...).....#
#.......((#.#...%%#%#
#.#....(#.#......)..#
#....(((..###########
###########


You could see a deep elf master archer, a yaktaur captain, a centaur warrior and
a yaktaur.


Message History

The deep elf master archer shoots an arrow.
The arrow hits the cyclops.
The cyclops completely misses you.
The yaktaur unwields an uncursed crossbow.
The yaktaur completely misses you.
The deep elf master archer shoots an arrow.
The arrow hits you!
The centaur shoots an arrow of dispersal.
The arrow of dispersal misses you.
Things that are here:
an arrow; a poisoned bolt Unknown command.
Unknown command.
You open the cyclops like a pillowcase!!!
You kill the cyclops!
Cheibriados thoroughly appreciates the change of pace.
The centaur shoots an arrow.
The arrow misses you.
The arrow hits the yaktaur.
The centaur warrior shoots an arrow.
The arrow hits the yaktaur.
The yaktaur dies!
The yaktaur captain shoots a bolt.
The bolt hits the centaur.
The centaur dies!
The deep elf master archer shoots an arrow.
The arrow hits the centaur.
The centaur dies!
The yaktaur barely misses you.
The deep elf master archer shoots an arrow.
The arrow hits the yaktaur captain.
Unknown command.
Evoke which item? (* to show all) (? for menu, Esc to quit)
A fierce wind blows from the fan.
The monsters around you are blown away!
The winds coalesce and take form.
The yaktaur captain shoots a bolt.
The bolt misses you.
Unknown command.
Unknown command.
Unknown command.
What do you say? t - Shout!
Orders for allies: a - Attack new target. r - Retreat! s - Stop attacking. w - Wait here. f - Follow me.
Anything else - Stay silent.
Gang up on whom?
Aim: a deep elf master archer, wielding a glowing elven longbow and wearing an elven leather armour Attack!
Your air elemental hits the deep elf master archer.
The centaur warrior shoots an arrow.
The arrow hits the yaktaur.
Unknown command.
You strike the helpless yaktaur from behind!
You slash the yaktaur!
The yaktaur is severely wounded.
Your air elemental hits the deep elf master archer!
The centaur warrior shoots an arrow.
The arrow misses you.
Unknown command.
Unknown command.
Your air elemental hits the deep elf master archer!
The deep elf master archer shoots an arrow.
The arrow hits you!
* * * LOW HITPOINT WARNING * * *
The deep elf master archer shoots an arrow.
The arrow hits you!
* * * LOW HITPOINT WARNING * * *
The yaktaur captain shoots a bolt.
The bolt hits the yaktaur.
You see here 2 arrows.
Unknown command.
Drink which item? (? for menu, Esc to quit)
You feel much better.
The centaur warrior shoots an arrow.
The arrow hits you!
* * * LOW HITPOINT WARNING * * *
The deep elf master archer shoots an arrow.
The arrow hits you!
Ouch! That really hurt!
You die...

Action                   |  1- 3 |  4- 6 |  7- 9 | 10-12 || total
-------------------------+-------+-------+-------+-------++-------
Melee: Lajatang          |       |    13 |    27 |    52 ||    92
 Cast: Regeneration      |       |       |       |     2 ||     2
Invok: Slouch            |       |       |     5 |     4 ||     9
       Temporal Distorti |       |       |       |     1 ||     1
Evoke: Wand              |     2 |     6 |     9 |     1 ||    18
       Miscellaneous     |       |       |       |     3 ||     3
  Use: Potion            |       |     2 |     1 |     4 ||     7
       Scroll            |       |     1 |     2 |       ||     3
 Stab: Distracted        |       |       |       |     1 ||     1
       Invisible         |       |       |       |     4 ||     4

Vault maps used:
D:        sprint_v

Notes
Turn   | Place    | Note
--------------------------------------------------------------
     0 | D        | Bloax, the Spriggan Monk, began the quest for the Orb.
     0 | D        | Reached XP level 1. HP: 11/11 MP: 1/1
     0 | D        | Found a white marble altar of Elyvilon.
     1 | D        | Found a burning altar of Makhleb.
     1 | D        | Found a sparkling altar of Nemelex Xobeh.
     2 | D        | Found a deep blue altar of Sif Muna.
     2 | D        | Found a bloodstained altar of Trog.
     5 | D        | Found an iron altar of Okawaru.
     6 | D        | Banished a spatial maelstrom
    18 | D        | Found a radiant altar of Vehumet.
    18 | D        | Found a basalt altar of Yredelemnul.
    18 | D        | Found an ancient bone altar of Kikubaaqudgha.
    44 | D        | Became a worshipper of Cheibriados the Contemplative
    44 | D        | Acquired Cheibriados' first power
    47 | D        | Found a shimmering altar of Xom.
    67 | D        | Entered arena 1.
    67 | D        | Noticed a hell hound
    68 | D        | Reached skill level 5 in Dodging
    68 | D        | Reached skill level 4 in Stealth
    68 | D        | Reached XP level 2. HP: 15/15 MP: 3/3
    70 | D        | Killed a hell hound
    70 | D        | Reached skill level 4 in Fighting
    70 | D        | Reached skill level 8 in Dodging
    70 | D        | Reached skill level 7 in Stealth
    70 | D        | Reached skill level 5 in Unarmed Combat
    70 | D        | Reached XP level 3. HP: 11/19 MP: 5/5
    70 | D        | Reached XP level 4. HP: 13/24 MP: 7/7
    74 | D        | Identified Doppolau's Collected Works on Lucky Unholy Secrets
    78 | D        | Reached skill level 8 in Invocations
    78 | D        | Reached skill level 8 in Evocations
    78 | D        | Reached XP level 5. HP: 15/28 MP: 4/15
    79 | D        | Entered arena 2.
    79 | D        | Noticed a hell hound
    80 | D        | Killed a hell hound
    80 | D        | Reached skill level 2 in Staves
    80 | D        | Reached skill level 1 in Armour
    80 | D        | Reached XP level 6. HP: 17/32 MP: 4/18
    93 | D        | Acquired Cheibriados' second power
   103 | D        | Entered arena 3.
   103 | D        | Noticed a draconian
   103 | D        | Noticed a pale draconian
   103 | D        | Noticed a draconian
   103 | D        | Noticed a draconian
   110 | D        | Killed a draconian
   110 | D        | Reached skill level 6 in Fighting
   110 | D        | Reached skill level 5 in Staves
   110 | D        | Reached skill level 3 in Armour
   110 | D        | Reached skill level 10 in Dodging
   110 | D        | Reached XP level 7. HP: 35/37 MP: 10/20
   114 | D        | Killed a draconian
   114 | D        | Reached skill level 4 in Armour
   114 | D        | Reached skill level 11 in Dodging
   114 | D        | Reached XP level 8. HP: 39/42 MP: 12/22
   119 | D        | Killed a pale draconian
   119 | D        | Acquired Cheibriados' third power
   119 | D        | Reached skill level 7 in Fighting
   119 | D        | Reached skill level 7 in Staves
   119 | D        | Reached skill level 5 in Armour
   119 | D        | Reached skill level 12 in Dodging
   121 | D        | Killed a draconian
   121 | D        | Reached skill level 8 in Staves
   121 | D        | Reached XP level 9. HP: 30/47 MP: 14/24
   153 | D        | Entered arena 4.
   153 | D        | Noticed a white ugly thing
   153 | D        | Noticed a fire drake
   153 | D        | Noticed a blink frog
   153 | D        | Noticed a fire drake
   155 | D        | Killed a blink frog
   155 | D        | Reached skill level 13 in Dodging
   158 | D        | Killed a fire drake
   158 | D        | Reached skill level 8 in Fighting
   158 | D        | Killed a fire drake
   158 | D        | Acquired Cheibriados' fourth power
   158 | D        | Reached skill level 6 in Armour
   158 | D        | HP: 10/48 [white ugly thing (18)]
   161 | D        | Killed a white ugly thing
   171 | D        | Learned a level 2 spell: Lethal Infusion
   183 | D        | Entered arena 5.
   183 | D        | Noticed a blink frog
   183 | D        | Noticed a sky beast
   183 | D        | Noticed a dwarf
   183 | D        | Noticed a crocodile
   183 | D        | Noticed a white ugly thing
   186 | D        | a sky beast changed into a deep dwarf
   187 | D        | Killed a blink frog
   187 | D        | Reached skill level 9 in Staves
   187 | D        | Killed a dwarf
   187 | D        | Killed a white ugly thing
   188 | D        | Killed a crocodile
   191 | D        | Reached skill level 14 in Dodging
   197 | D        | Entered arena 6.
   197 | D        | Noticed a hell hound
   200 | D        | Killed a hell hound
   219 | D        | Entered arena 7.
   219 | D        | Noticed a deep elf fighter
   219 | D        | Noticed a deep elf conjurer
   219 | D        | Noticed a deep elf fighter
   219 | D        | Noticed a deep elf knight
   219 | D        | Noticed a deep elf conjurer
   219 | D        | Noticed a deep elf summoner
   221 | D        | Noticed a demonic crawler
   221 | D        | Noticed a demonic crawler
   222 | D        | Noticed a demonic crawler
   222 | D        | Killed a deep elf fighter
   222 | D        | Reached XP level 10. HP: 49/53 MP: 8/25
   222 | D        | Killed a deep elf fighter
   222 | D        | Killed a deep elf conjurer
   222 | D        | Reached skill level 10 in Staves
   222 | D        | Reached skill level 7 in Armour
   222 | D        | Killed a deep elf conjurer
   229 | D        | Killed a deep elf summoner
   229 | D        | Reached skill level 15 in Dodging
   234 | D        | Killed a deep elf knight
   234 | D        | Reached skill level 11 in Staves
   242 | D        | Got the cursed +1 cloak "Tohemy" {Str+5 Int+3}
   254 | D        | Entered arena 8.
   254 | D        | Noticed a mummy priest
   254 | D        | Noticed a guardian mummy
   254 | D        | Noticed a flying skull
   254 | D        | Noticed a guardian mummy
   254 | D        | Noticed a guardian mummy
   262 | D        | Killed a mummy priest
   262 | D        | Reached skill level 2 in Charms
   263 | D        | Killed a guardian mummy
   263 | D        | Reached skill level 8 in Armour
   263 | D        | Reached skill level 3 in Charms
   265 | D        | Killed a guardian mummy
   269 | D        | Killed a guardian mummy
   269 | D        | Reached skill level 4 in Charms
   271 | D        | Killed a flying skull
   281 | D        | Learned a level 3 spell: Regeneration
   283 | D        | Entered arena 9.
   283 | D        | Noticed a jelly
   283 | D        | Noticed a jelly
   283 | D        | Noticed a brown ooze
   283 | D        | Noticed a jelly
   283 | D        | Noticed a jelly
   283 | D        | Noticed a giant amoeba
   283 | D        | Noticed a jelly
   283 | D        | Noticed a jelly
   287 | D        | Killed a jelly
   296 | D        | Killed a giant amoeba
   296 | D        | Reached skill level 16 in Dodging
   296 | D        | Reached skill level 5 in Charms
   297 | D        | Killed a jelly
   300 | D        | Killed a jelly
   301 | D        | Killed a jelly
   301 | D        | Killed a jelly
   301 | D        | Killed a jelly
   303 | D        | Killed a brown ooze
   303 | D        | Reached XP level 11. HP: 22/56 MP: 3/26
   309 | D        | Got the amulet "Trimie" {Stasis Str+1 Int+4}
   323 | D        | Entered arena 10.
   323 | D        | Noticed a grizzly bear
   323 | D        | Noticed a spriggan rider
   323 | D        | Noticed a black bear
   323 | D        | Noticed a black bear
   323 | D        | Noticed a wolf
   323 | D        | Noticed a wolf
   323 | D        | Noticed a wolf
   323 | D        | Noticed a spriggan
   323 | D        | Noticed a black bear
   328 | D        | Killed a spriggan
   328 | D        | Reached skill level 6 in Charms
   329 | D        | Killed a wolf
   332 | D        | Killed a wolf
   335 | D        | Killed a grizzly bear
   335 | D        | Reached skill level 12 in Staves
   336 | D        | Killed a giant firefly
   336 | D        | Killed a wolf
   336 | D        | Reached skill level 7 in Charms
   338 | D        | Killed a spriggan
   340 | D        | Killed a black bear
   347 | D        | Killed a black bear
   347 | D        | Killed a black bear
   366 | D        | Entered arena 11.
   366 | D        | Noticed a yaktaur
   366 | D        | Noticed a centaur
   366 | D        | Noticed a centaur
   366 | D        | Noticed a yaktaur captain
   366 | D        | Noticed a cyclops
   366 | D        | Noticed a centaur
   366 | D        | Noticed a yaktaur
   366 | D        | Noticed a stone giant
   367 | D        | Noticed a centaur warrior
   367 | D        | sigh
   368 | D        | Identified the +6,+2 battleaxe of the Key {flame, +Blink SInv}
   371 | D        | Noticed a deep elf master archer
   378 | D        | Killed a stone giant
   378 | D        | Reached skill level 9 in Armour
   378 | D        | Reached skill level 17 in Dodging
   379 | D        | Killed a centaur
   381 | D        | Killed a cyclops
   381 | D        | Killed a yaktaur
   381 | D        | Killed a centaur
   381 | D        | Killed a centaur
   385 | D        | HP: 6/56 [deep elf master archer/arrow (19)]
   386 | D        | Shot with an arrow by a deep elf master archer

Vanquished Creatures
  A stone giant (D)
  A pale draconian (D)
  3 draconians (D)
  A deep elf knight (D)
  A giant amoeba (D)
  2 deep elf conjurers (D)
  A cyclops (D)
  A deep elf summoner (D)
  A brown ooze (D)
  2 fire drakes (shapeshifter) (D)
  2 guardian mummies (D)
  A spriggan (D)
  A giant firefly (D)
  2 blink frogs (shapeshifter) (D)
  A grizzly bear (D)
  A flying skull (D)
  2 ugly things (D)
  A redback (D)
  2 deep elf fighters (D)
  3 wolves (D)
  3 hell hounds (D)
  A black bear (D)
  A yellow wasp (shapeshifter) (D)
  A dwarf (shapeshifter) (D)
  A crocodile (shapeshifter) (D)
  6 jellies (D)
  3 lemures (D)
  A giant newt zombie (D)
  A gnoll skeleton (D)
  A goblin zombie (D)
  A hobgoblin skeleton (D)
  A jackal zombie (D)
51 creatures vanquished.

Vanquished Creatures (collateral kills)
  A mummy priest (D)
  A guardian mummy (D)
  A spriggan (D)
  A shadow (D)
  2 black bears (D)
  2 mummies (D)
8 creatures vanquished.

Vanquished Creatures (others)
  A spatial maelstrom (D)
  A yaktaur (D)
  3 centaurs (D)
5 creatures vanquished.

Grand Total: 64 creatures vanquished
